[ PARTIDA AOE2 · #477390749 ]
Team RMIndostaníes vs Britons
[ ANÁLISIS DE REPETICIÓN · EXTRAÍDO DE LA PARTIDA GRABADA ]
Feudal
11:18
Castillos
16:16
Imperial
34:15
| APM promedio | 9.0 |
| APM pico | 37 |
| eAPM promedio | 7.9 |
| Aldeanos / militares | 89 / 344 |
Foco
⚔️ 36.4% · 🌾 63.6%
Ghulam ×134 · Camel Scout ×66 · Spearman ×65 · Hand Cannoneer ×54 · Scout Cavalry ×20 · Fishing Ship ×10
Feudal
12:08
Castillos
24:35
Imperial
44:17
| APM promedio | 20.1 |
| APM pico | 53 |
| eAPM promedio | 12.4 |
| Aldeanos / militares | 109 / 114 |
Foco
⚔️ 31.4% · 🌾 68.6%
Scorpion ×38 · Archer ×25 · Chu Ko Nu ×23 · Iron Pagoda ×12 · Trade Cart ×8 · Skirmisher ×5
Feudal
14:22
Castillos
21:41
Imperial
38:03
| APM promedio | 22.0 |
| APM pico | 74 |
| eAPM promedio | 15.0 |
| Aldeanos / militares | 190 / 283 |
Foco
⚔️ 42.8% · 🌾 57.2%
Longbowman ×175 · Unknown (882) ×109 · Spearman ×91 · Trade Cart ×13 · Monk ×10 · Skirmisher ×7
Feudal
14:49
Castillos
30:40
Imperial
41:04
| APM promedio | 10.0 |
| APM pico | 32 |
| eAPM promedio | 8.5 |
| Aldeanos / militares | 74 / 195 |
Foco
⚔️ 31.6% · 🌾 68.4%
Militia ×79 · Scorpion ×43 · Centurion ×33 · Knight ×25 · Spearman ×11 · Fishing Ship ×5
Feudal
13:26
Castillos
25:35
Imperial
37:00
| APM promedio | 10.9 |
| APM pico | 22 |
| eAPM promedio | 8.7 |
| Aldeanos / militares | 91 / 209 |
Foco
⚔️ 39.7% · 🌾 60.3%
Woad Raider ×65 · Spearman ×54 · Scorpion ×37 · Battering Ram ×34 · Trade Cart ×23 · Fishing Ship ×13
Feudal
14:03
Castillos
21:42
Imperial
47:47
| APM promedio | 15.8 |
| APM pico | 43 |
| eAPM promedio | 12.0 |
| Aldeanos / militares | 96 / 160 |
Foco
⚔️ 45.1% · 🌾 54.9%
Archer ×76 · Scout Cavalry ×48 · Genoese Crossbowman ×19 · Battering Ram ×16 · Knight ×1
Feudal
12:06
Castillos
22:55
Imperial
35:31
| APM promedio | 23.9 |
| APM pico | 70 |
| eAPM promedio | 15.9 |
| Aldeanos / militares | 187 / 517 |
Foco
⚔️ 40.8% · 🌾 59.2%
Spearman ×339 · Scout Cavalry ×117 · Fire Lancer ×30 · Unknown (1911) ×21 · Bombard Cannon ×18 · Trade Cart ×14
Feudal
14:32
Castillos
26:14
Imperial
47:01
| APM promedio | 20.9 |
| APM pico | 64 |
| eAPM promedio | 16.0 |
| Aldeanos / militares | 125 / 263 |
Foco
⚔️ 44.6% · 🌾 55.4%
Militia ×152 · Knight ×42 · Fishing Ship ×24 · Battering Ram ×24 · Spearman ×17 · Scout Cavalry ×17
Mapa de la partida
Recursos al inicio + cada clic de construcción. Línea gruesa = muro · recuadro discontinuo = muro de casas detectado. 🟡 oro · ⚪ piedra · 🟢 bayas · 🔶 jabalí · ⭕ reliquia
Inputs por minuto
— Zanarkand - - Microbio_ubb
Build order — Zanarkand
Primeras 150 de 302 acciones detectadas
| 0:07 | Construir | House |
| 0:08 | Construir | House |
| 0:11 | Crear | Villager (Male) ×4 |
| 1:35 | Crear | Villager (Male) |
| 1:47 | Crear | Villager (Male) |
| 2:15 | Crear | Villager (Male) |
| 2:55 | Investigar | Loom |
| 3:32 | Construir | House |
| 3:33 | Construir | House |
| 3:36 | Crear | Villager (Male) |
| 3:36 | Crear | Villager (Male) |
| 3:37 | Crear | Villager (Male) |
| 4:45 | Construir | House |
| 4:49 | Construir | Lumber Camp |
| 5:22 | Crear | Villager (Male) |
| 5:23 | Crear | Villager (Male) |
| 5:23 | Crear | Villager (Male) |
| 5:24 | Crear | Villager (Male) |
| 5:29 | Construir | Mill |
| 5:52 | Crear | Villager (Male) |
| 6:27 | Crear | Villager (Male) |
| 6:28 | Crear | Villager (Male) |
| 7:57 | Crear | Villager (Male) |
| 7:57 | Crear | Villager (Male) |
| 8:31 | Investigar | Feudal Age |
| 9:16 | Construir | Mining Camp |
| 9:35 | Crear | Villager (Male) ×5 |
| 10:32 | Construir | Mill |
| 11:18 | Edad | Edad Feudal |
| 11:27 | Construir | Market |
| 11:33 | Construir | Blacksmith |
| 12:00 | Construir | Stone Wall |
| 12:56 | Construir | House |
| 12:57 | Construir | House |
| 13:36 | Investigar | Castle Age |
| 13:40 | Construir | Mining Camp |
| 13:49 | Construir | Building 487 |
| 13:52 | Construir | Stone Wall |
| 13:55 | Construir | Stone Wall |
| 14:17 | Investigar | Horse Collar |
| 14:28 | Investigar | Double-Bit Axe |
| 15:08 | Construir | House |
| 15:10 | Construir | House |
| 15:11 | Construir | House |
| 16:16 | Edad | Edad de los Castillos |
| 16:18 | Construir | Monastery |
| 16:24 | Crear | Villager (Male) |
| 16:25 | Crear | Villager (Male) |
| 16:25 | Crear | Villager (Male) |
| 16:44 | Construir | Town Center |
| 16:51 | Construir | Farm |
| 17:26 | Construir | Farm |
| 17:37 | Crear | Monk |
| 17:38 | Investigar | Fervor |
| 17:46 | Construir | Farm |
| 17:51 | Crear | Villager (Male) |
| 17:51 | Crear | Villager (Male) |
| 17:52 | Crear | Villager (Male) |
| 18:12 | Investigar | Bow Saw |
| 18:20 | Construir | Farm |
| 18:31 | Crear | Villager (Male) |
| 18:56 | Construir | Farm |
| 19:23 | Construir | Farm |
| 19:25 | Crear | Villager (Male) |
| 19:25 | Crear | Villager (Male) |
| 19:40 | Crear | Villager (Male) |
| 19:41 | Crear | Villager (Male) |
| 19:42 | Crear | Villager (Male) |
| 19:44 | Crear | Villager (Male) |
| 19:57 | Construir | Farm |
| 20:22 | Crear | Villager (Male) |
| 20:23 | Crear | Villager (Male) |
| 20:26 | Crear | Villager (Male) |
| 20:27 | Crear | Villager (Male) |
| 20:34 | Construir | Dock |
| 20:39 | Crear | Villager (Male) |
| 20:48 | Construir | Barracks |
| 21:15 | Construir | Farm |
| 21:21 | Crear | Villager (Male) |
| 21:21 | Crear | Villager (Male) |
| 21:30 | Crear | Fishing Ship ×5 |
| 21:52 | Construir | Farm |
| 22:03 | Construir | University |
| 22:06 | Construir | House |
| 22:10 | Construir | House |
| 22:16 | Construir | Farm |
| 22:36 | Crear | Villager (Male) ×5 |
| 22:51 | Construir | House |
| 22:54 | Construir | House |
| 23:04 | Construir | Farm |
| 23:20 | Construir | Archery Range |
| 23:21 | Construir | Archery Range |
| 23:37 | Crear | Villager (Male) ×5 |
| 23:41 | Construir | Farm |
| 24:06 | Construir | Town Center |
| 24:15 | Construir | Farm |
| 24:18 | Investigar | Heavy Plow |
| 24:21 | Construir | Farm |
| 24:45 | Construir | Castle |
| 24:53 | Construir | Farm |
| 24:56 | Investigar | Town Watch |
| 25:00 | Crear | Fishing Ship ×5 |
| 25:04 | Construir | Fish Trap |
| 25:08 | Construir | Fish Trap |
| 25:33 | Crear | Villager (Male) ×5 |
| 25:52 | Crear | Villager (Male) ×5 |
| 26:00 | Construir | House |
| 26:01 | Construir | House |
| 26:03 | Construir | House |
| 26:07 | Construir | Farm |
| 26:10 | Investigar | Wheelbarrow |
| 26:27 | Crear | Villager (Male) ×5 |
| 26:41 | Construir | Farm |
| 26:55 | Construir | House |
| 26:56 | Construir | House |
| 26:57 | Construir | House |
| 26:59 | Construir | House |
| 26:59 | Construir | House |
| 27:05 | Construir | Farm |
| 27:11 | Construir | Fish Trap |
| 27:14 | Construir | Fish Trap |
| 27:16 | Construir | Fish Trap |
| 27:27 | Investigar | Tech 906 |
| 27:31 | Construir | Farm |
| 27:38 | Investigar | Town Patrol |
| 27:46 | Construir | Farm |
| 28:01 | Investigar | Grand Trunk Road |
| 28:16 | Crear | Villager (Male) ×5 |
| 28:22 | Construir | Fish Trap |
| 28:25 | Construir | Fish Trap |
| 28:28 | Construir | Fish Trap |
| 28:30 | Construir | Fish Trap |
| 28:40 | Crear | Villager (Male) ×5 |
| 28:51 | Crear | Villager (Male) ×5 |
| 29:02 | Construir | Mining Camp |
| 29:07 | Construir | House |
| 29:09 | Construir | House |
| 29:22 | Crear | Monk |
| 29:28 | Construir | Farm |
| 29:31 | Investigar | Hand Cart |
| 29:41 | Investigar | Gillnets |
| 29:50 | Construir | Farm |
| 29:55 | Investigar | Forging |
| 30:01 | Investigar | Pikeman (upgrade) |
| 30:02 | Investigar | Squires |
| 30:02 | Investigar | Arson |
| 30:09 | Construir | Farm |
| 30:13 | Construir | Farm |
| 30:22 | Construir | Farm |
| 30:26 | Construir | Farm |
Build order — Microbio_ubb
Primeras 150 de 393 acciones detectadas
| 0:04 | Investigar | Loom |
| 1:27 | Construir | Palisade Wall |
| 1:43 | Crear | Villager (Male) |
| 2:20 | Crear | Villager (Male) |
| 2:58 | Crear | Villager (Male) |
| 3:17 | Construir | Palisade Wall |
| 3:28 | Crear | Villager (Male) |
| 3:42 | Crear | Villager (Male) |
| 4:39 | Construir | Palisade Wall |
| 4:56 | Crear | Villager (Male) |
| 5:36 | Construir | Palisade Wall |
| 5:54 | Construir | House |
| 6:47 | Construir | Mill |
| 6:54 | Crear | Villager (Male) |
| 6:55 | Crear | Villager (Male) |
| 6:55 | Crear | Villager (Male) |
| 7:23 | Construir | Palisade Wall |
| 7:37 | Crear | Villager (Male) |
| 8:05 | Construir | Palisade Gate |
| 8:29 | Construir | Lumber Camp |
| 9:48 | Construir | House |
| 9:58 | Investigar | Feudal Age |
| 11:10 | Construir | Outpost |
| 12:08 | Edad | Edad Feudal |
| 12:12 | Crear | Villager (Male) |
| 12:36 | Construir | Stone Wall |
| 13:13 | Crear | Villager (Male) |
| 13:13 | Crear | Villager (Male) |
| 13:39 | Construir | Barracks |
| 13:47 | Construir | Stone Wall |
| 13:54 | Investigar | Wheelbarrow |
| 13:56 | Investigar | Double-Bit Axe |
| 14:24 | Investigar | Horse Collar |
| 14:27 | Crear | Villager (Male) |
| 14:54 | Construir | Archery Range |
| 15:00 | Construir | Stone Wall |
| 15:07 | Construir | Stone Wall |
| 15:47 | Crear | Villager (Male) |
| 15:47 | Crear | Villager (Male) |
| 16:26 | Crear | Villager (Male) |
| 16:27 | Crear | Villager (Male) |
| 16:31 | Crear | Archer |
| 16:51 | Construir | Mining Camp |
| 16:56 | Crear | Villager (Male) |
| 16:56 | Crear | Villager (Male) |
| 17:05 | Construir | House |
| 17:28 | Crear | Villager (Male) |
| 17:28 | Crear | Villager (Male) |
| 18:11 | Construir | Mill |
| 18:21 | Construir | Mill |
| 18:26 | Crear | Villager (Male) |
| 18:33 | Construir | House |
| 18:42 | Crear | Villager (Male) |
| 18:51 | Crear | Archer |
| 18:59 | Construir | Stone Wall |
| 19:04 | Crear | Archer |
| 19:18 | Construir | Market |
| 19:25 | Crear | Villager (Male) |
| 19:37 | Crear | Archer |
| 19:57 | Crear | Villager (Male) |
| 20:04 | Construir | House |
| 20:16 | Crear | Archer |
| 20:50 | Construir | Blacksmith |
| 21:44 | Crear | Archer |
| 21:45 | Crear | Archer |
| 21:55 | Investigar | Castle Age |
| 22:07 | Construir | Mining Camp |
| 22:19 | Construir | Farm |
| 22:20 | Construir | Farm |
| 22:26 | Investigar | Fletching |
| 22:31 | Crear | Archer |
| 22:49 | Construir | Archery Range |
| 22:53 | Crear | Archer |
| 23:08 | Construir | Building 673 |
| 23:32 | Construir | Farm |
| 23:34 | Construir | Farm |
| 23:43 | Construir | Farm |
| 23:46 | Construir | Farm |
| 23:47 | Construir | Farm |
| 24:26 | Construir | House |
| 24:28 | Construir | House |
| 24:35 | Edad | Edad de los Castillos |
| 24:48 | Construir | Town Center |
| 24:54 | Crear | Villager (Male) |
| 24:54 | Crear | Villager (Male) |
| 25:07 | Investigar | Crossbowman (upgrade) |
| 26:37 | Crear | Archer |
| 26:37 | Crear | Archer |
| 26:43 | Construir | Archery Range |
| 26:51 | Crear | Skirmisher |
| 26:56 | Investigar | Hand Cart |
| 26:59 | Crear | Villager (Male) |
| 27:15 | Crear | Villager (Male) |
| 27:25 | Crear | Archer |
| 27:39 | Construir | Stone Wall |
| 27:47 | Construir | Stone Wall |
| 27:52 | Crear | Archer |
| 27:55 | Crear | Skirmisher |
| 28:05 | Construir | Siege Workshop |
| 28:17 | Crear | Villager (Male) |
| 28:17 | Crear | Villager (Male) |
| 28:23 | Crear | Villager (Male) |
| 28:23 | Crear | Villager (Male) |
| 28:41 | Construir | Farm |
| 28:42 | Construir | Farm |
| 28:48 | Crear | Villager (Male) |
| 29:20 | Crear | Battering Ram |
| 29:25 | Crear | Archer |
| 29:27 | Crear | Archer |
| 29:41 | Crear | Villager (Male) |
| 29:42 | Crear | Villager (Male) |
| 29:47 | Crear | Villager (Male) |
| 29:47 | Crear | Villager (Male) |
| 29:48 | Crear | Villager (Male) |
| 29:57 | Crear | Archer |
| 29:59 | Crear | Archer |
| 29:59 | Crear | Archer |
| 30:01 | Crear | Archer |
| 30:16 | Crear | Iron Pagoda |
| 30:25 | Crear | Skirmisher |
| 30:27 | Crear | Skirmisher |
| 31:40 | Crear | Skirmisher |
| 31:42 | Investigar | Elite Skirmisher (upgrade) |
| 32:04 | Crear | Iron Pagoda |
| 32:36 | Construir | Siege Workshop |
| 33:07 | Crear | Villager (Male) |
| 33:07 | Crear | Villager (Male) |
| 33:09 | Crear | Villager (Male) |
| 33:09 | Crear | Villager (Male) |
| 33:14 | Construir | Town Center |
| 33:16 | Investigar | Gold Mining |
| 33:19 | Investigar | Stone Mining |
| 33:27 | Crear | Iron Pagoda |
| 33:29 | Crear | Archer |
| 33:33 | Crear | Archer |
| 33:34 | Crear | Archer |
| 33:41 | Crear | Iron Pagoda |
| 33:43 | Crear | Scorpion |
| 34:22 | Crear | Archer |
| 34:24 | Crear | Archer |
| 34:24 | Crear | Archer |
| 34:39 | Crear | Villager (Male) |
| 34:39 | Crear | Villager (Male) |
| 34:40 | Crear | Villager (Male) |
| 34:42 | Crear | Battering Ram |
| 35:30 | Crear | Villager (Male) |
| 35:32 | Crear | Villager (Male) |
| 35:33 | Crear | Villager (Male) |
| 35:35 | Crear | Villager (Male) |
| 35:35 | Crear | Villager (Male) |
Build order — MatiNex
Primeras 150 de 636 acciones detectadas
| 0:01 | Crear | Villager (Male) |
| 0:02 | Crear | Villager (Male) |
| 0:02 | Crear | Villager (Male) |
| 0:02 | Crear | Villager (Male) |
| 0:02 | Crear | Villager (Male) |
| 0:03 | Crear | Villager (Male) |
| 0:04 | Construir | House |
| 0:09 | Construir | House |
| 1:32 | Construir | Palisade Wall |
| 1:48 | Crear | Villager (Male) |
| 2:42 | Crear | Villager (Male) |
| 2:42 | Crear | Villager (Male) |
| 2:42 | Crear | Villager (Male) |
| 2:42 | Crear | Villager (Male) |
| 2:43 | Crear | Villager (Male) |
| 3:08 | Crear | Villager (Male) |
| 3:38 | Construir | Mill |
| 4:01 | Crear | Villager (Male) |
| 4:12 | Construir | Lumber Camp |
| 4:14 | Crear | Villager (Male) |
| 4:50 | Crear | Villager (Male) |
| 4:50 | Crear | Villager (Male) |
| 5:09 | Crear | Villager (Male) |
| 5:09 | Crear | Villager (Male) |
| 5:43 | Construir | House |
| 5:45 | Construir | House |
| 5:48 | Construir | House |
| 5:55 | Crear | Villager (Male) |
| 6:17 | Construir | House |
| 6:19 | Construir | House |
| 6:20 | Construir | House |
| 6:43 | Crear | Villager (Male) |
| 6:44 | Crear | Villager (Male) |
| 6:47 | Crear | Villager (Male) |
| 6:50 | Crear | Villager (Male) |
| 7:00 | Construir | House |
| 7:01 | Construir | House |
| 7:30 | Crear | Villager (Male) |
| 8:14 | Construir | Farm |
| 8:22 | Crear | Villager (Male) |
| 8:44 | Crear | Villager (Male) |
| 8:50 | Crear | Villager (Male) |
| 8:57 | Crear | Villager (Male) |
| 9:07 | Crear | Villager (Male) |
| 10:14 | Construir | Farm |
| 10:15 | Construir | Farm |
| 10:32 | Crear | Villager (Male) |
| 10:33 | Crear | Villager (Male) |
| 10:36 | Crear | Villager (Male) |
| 11:27 | Crear | Villager (Male) |
| 11:36 | Construir | Mill |
| 11:37 | Crear | Villager (Male) |
| 11:55 | Investigar | Feudal Age |
| 12:21 | Crear | Villager (Male) |
| 12:32 | Construir | Barracks |
| 12:36 | Crear | Villager (Male) |
| 12:43 | Construir | Lumber Camp |
| 13:05 | Crear | Villager (Male) |
| 13:36 | Crear | Villager (Male) |
| 13:53 | Construir | Mill |
| 13:56 | Construir | Farm |
| 13:57 | Construir | Farm |
| 13:57 | Construir | Farm |
| 13:58 | Construir | Farm |
| 13:59 | Construir | Farm |
| 14:00 | Construir | Farm |
| 14:02 | Crear | Villager (Male) |
| 14:02 | Crear | Villager (Male) |
| 14:22 | Edad | Edad Feudal |
| 14:24 | Construir | Mining Camp |
| 14:29 | Investigar | Double-Bit Axe |
| 14:30 | Investigar | Horse Collar |
| 14:49 | Construir | Archery Range |
| 15:36 | Crear | Villager (Male) |
| 16:13 | Construir | Stable |
| 16:14 | Crear | Villager (Male) |
| 16:15 | Crear | Villager (Male) |
| 16:16 | Crear | Villager (Male) |
| 16:20 | Construir | Lumber Camp |
| 16:30 | Construir | Market |
| 16:34 | Construir | Blacksmith |
| 16:38 | Crear | Villager (Male) |
| 17:08 | Construir | Stable |
| 17:28 | Crear | Villager (Male) |
| 17:59 | Crear | Villager (Male) |
| 18:06 | Construir | Farm |
| 18:06 | Construir | Farm |
| 18:07 | Construir | Farm |
| 18:08 | Construir | Farm |
| 18:10 | Construir | Farm |
| 18:26 | Crear | Villager (Male) |
| 19:01 | Investigar | Castle Age |
| 20:13 | Investigar | Gold Mining |
| 20:27 | Construir | Mining Camp |
| 20:32 | Crear | Villager (Male) |
| 20:33 | Crear | Villager (Male) |
| 20:53 | Crear | Villager (Male) |
| 21:05 | Investigar | Stone Mining |
| 21:41 | Edad | Edad de los Castillos |
| 21:45 | Construir | Town Center |
| 21:47 | Crear | Villager (Male) |
| 21:59 | Construir | Town Center |
| 22:12 | Crear | Villager (Male) |
| 22:18 | Investigar | Gold Shaft Mining |
| 22:21 | Investigar | Fletching |
| 22:22 | Investigar | Padded Archer Armor |
| 22:27 | Crear | Villager (Male) |
| 22:36 | Crear | Villager (Male) |
| 22:37 | Crear | Villager (Male) |
| 22:37 | Crear | Villager (Male) |
| 22:37 | Crear | Villager (Male) |
| 22:38 | Crear | Villager (Male) |
| 22:48 | Crear | Villager (Male) |
| 22:49 | Crear | Villager (Male) |
| 22:58 | Crear | Villager (Male) |
| 23:05 | Construir | Farm |
| 23:06 | Construir | Farm |
| 23:06 | Construir | Farm |
| 23:07 | Construir | Farm |
| 23:09 | Crear | Villager (Male) |
| 23:21 | Crear | Villager (Male) |
| 23:43 | Investigar | Heavy Plow |
| 23:53 | Construir | Town Center |
| 23:59 | Crear | Villager (Male) |
| 24:00 | Crear | Villager (Male) |
| 24:13 | Crear | Villager (Male) |
| 24:22 | Construir | House |
| 24:23 | Construir | House |
| 24:24 | Construir | House |
| 24:26 | Construir | House |
| 24:28 | Construir | House |
| 24:30 | Construir | House |
| 24:31 | Construir | House |
| 24:33 | Construir | House |
| 24:34 | Construir | House |
| 24:35 | Construir | House |
| 24:38 | Crear | Villager (Male) |
| 24:40 | Crear | Villager (Male) |
| 24:40 | Crear | Villager (Male) |
| 24:46 | Construir | House |
| 24:49 | Construir | House |
| 25:01 | Construir | Stone Wall |
| 25:04 | Construir | Building 673 |
| 25:07 | Construir | Stone Wall |
| 25:12 | Crear | Villager (Male) |
| 25:39 | Crear | Villager (Male) |
| 25:39 | Crear | Villager (Male) |
| 25:39 | Crear | Villager (Male) |
| 25:40 | Crear | Villager (Male) |
| 25:40 | Crear | Villager (Male) |
Build order — Hyuga_Torres
Primeras 150 de 336 acciones detectadas
| 0:02 | Crear | Villager (Male) |
| 0:03 | Crear | Villager (Male) |
| 0:03 | Crear | Villager (Male) |
| 0:03 | Crear | Villager (Male) |
| 0:05 | Construir | House |
| 0:08 | Construir | House |
| 1:10 | Construir | Palisade Wall |
| 3:43 | Construir | House |
| 3:44 | Construir | House |
| 4:27 | Construir | House |
| 4:29 | Construir | House |
| 4:54 | Construir | Outpost |
| 5:03 | Crear | Villager (Male) |
| 5:03 | Crear | Villager (Male) |
| 5:04 | Crear | Villager (Male) |
| 5:05 | Crear | Villager (Male) |
| 5:05 | Crear | Villager (Male) |
| 5:05 | Crear | Villager (Male) |
| 5:05 | Crear | Villager (Male) |
| 5:06 | Crear | Villager (Male) |
| 7:03 | Crear | Villager (Male) |
| 7:03 | Crear | Villager (Male) |
| 7:03 | Crear | Villager (Male) |
| 7:24 | Crear | Villager (Male) |
| 7:24 | Crear | Villager (Male) |
| 7:31 | Crear | Villager (Male) |
| 7:31 | Crear | Villager (Male) |
| 8:55 | Crear | Villager (Male) |
| 8:55 | Crear | Villager (Male) |
| 9:14 | Construir | Lumber Camp |
| 9:34 | Construir | Mining Camp |
| 10:17 | Construir | Mill |
| 10:28 | Investigar | Loom |
| 12:39 | Investigar | Feudal Age |
| 13:19 | Construir | Mill |
| 14:49 | Edad | Edad Feudal |
| 14:54 | Investigar | Horse Collar |
| 14:56 | Crear | Villager (Male) |
| 14:57 | Crear | Villager (Male) |
| 14:57 | Crear | Villager (Male) |
| 14:57 | Crear | Villager (Male) |
| 14:58 | Crear | Villager (Male) |
| 15:29 | Construir | Mining Camp |
| 15:53 | Construir | Blacksmith |
| 16:09 | Construir | Dock |
| 16:48 | Construir | Mill |
| 17:25 | Investigar | Tech 906 |
| 17:26 | Crear | Fishing Ship ×4 |
| 18:20 | Crear | Villager (Male) |
| 18:20 | Crear | Villager (Male) |
| 18:21 | Crear | Villager (Male) |
| 18:21 | Crear | Villager (Male) |
| 18:21 | Crear | Villager (Male) |
| 18:50 | Construir | Fish Trap |
| 18:58 | Construir | Fish Trap |
| 19:00 | Construir | Fish Trap |
| 19:07 | Construir | Fish Trap |
| 19:36 | Crear | Fishing Ship |
| 20:04 | Investigar | Double-Bit Axe |
| 20:15 | Crear | Villager (Male) |
| 20:16 | Crear | Villager (Male) |
| 20:16 | Crear | Villager (Male) |
| 20:49 | Construir | Fish Trap |
| 20:52 | Construir | Fish Trap |
| 20:54 | Construir | Fish Trap |
| 21:08 | Construir | House |
| 21:12 | Construir | House |
| 21:13 | Construir | House |
| 21:16 | Construir | House |
| 21:20 | Construir | House |
| 21:30 | Crear | Villager (Male) |
| 21:54 | Investigar | Scale Mail Armor |
| 21:54 | Investigar | Scale Barding Armor |
| 23:01 | Construir | Fish Trap |
| 24:42 | Construir | Farm |
| 24:42 | Construir | Farm |
| 24:42 | Construir | Farm |
| 24:43 | Construir | Farm |
| 24:43 | Construir | Farm |
| 24:43 | Construir | Farm |
| 24:44 | Construir | Farm |
| 24:45 | Construir | Farm |
| 24:45 | Construir | Farm |
| 24:45 | Construir | Farm |
| 24:45 | Construir | Farm |
| 25:19 | Construir | Lumber Camp |
| 26:18 | Construir | Barracks |
| 26:31 | Investigar | Forging |
| 26:53 | Construir | Lumber Camp |
| 27:32 | Construir | Stable |
| 28:00 | Investigar | Castle Age |
| 28:31 | Investigar | Bloodlines |
| 30:40 | Edad | Edad de los Castillos |
| 30:47 | Construir | Town Center |
| 30:57 | Construir | Town Center |
| 31:19 | Construir | Castle |
| 31:50 | Crear | Villager (Male) |
| 31:51 | Crear | Villager (Male) |
| 31:51 | Crear | Villager (Male) |
| 31:51 | Crear | Villager (Male) |
| 32:00 | Crear | Knight |
| 32:00 | Crear | Knight |
| 32:01 | Crear | Knight ×5 |
| 32:01 | Crear | Knight ×5 |
| 32:01 | Crear | Knight ×5 |
| 32:02 | Crear | Knight ×3 |
| 32:11 | Crear | Villager (Male) ×5 |
| 32:11 | Crear | Villager (Male) |
| 32:11 | Crear | Villager (Male) |
| 32:29 | Crear | Villager (Male) |
| 32:29 | Crear | Villager (Male) |
| 32:55 | Construir | Farm |
| 32:55 | Construir | Farm |
| 32:55 | Construir | Farm |
| 32:56 | Construir | Farm |
| 32:56 | Construir | Farm |
| 32:56 | Construir | Farm |
| 33:01 | Construir | Farm |
| 33:01 | Construir | Farm |
| 33:01 | Construir | Farm |
| 33:02 | Construir | Farm |
| 33:07 | Construir | Farm |
| 33:07 | Construir | Farm |
| 33:07 | Construir | Farm |
| 33:08 | Construir | Farm |
| 33:08 | Construir | Farm |
| 33:09 | Construir | Farm |
| 33:10 | Construir | Farm |
| 33:40 | Crear | Villager (Male) |
| 33:41 | Crear | Villager (Male) |
| 33:41 | Crear | Villager (Male) |
| 33:41 | Crear | Villager (Male) |
| 33:41 | Crear | Villager (Male) |
| 33:53 | Crear | Villager (Male) |
| 33:53 | Crear | Villager (Male) |
| 34:19 | Construir | Farm |
| 34:19 | Construir | Farm |
| 34:19 | Construir | Farm |
| 34:20 | Construir | Farm |
| 34:20 | Construir | Farm |
| 34:20 | Construir | Farm |
| 34:20 | Construir | Farm |
| 34:26 | Crear | Centurion |
| 34:27 | Crear | Centurion |
| 34:39 | Investigar | Man-at-Arms (upgrade) |
| 34:50 | Crear | Knight |
| 34:50 | Crear | Knight |
| 34:57 | Investigar | Husbandry |
| 35:01 | Crear | Knight |
| 35:03 | Crear | Knight |
Build order — Eagle
Primeras 150 de 312 acciones detectadas
| 0:03 | Crear | Villager (Male) ×4 |
| 0:06 | Construir | House |
| 0:25 | Construir | House |
| 0:26 | Construir | House |
| 0:44 | Investigar | Loom |
| 1:33 | Construir | Dock |
| 2:19 | Crear | Villager (Male) |
| 2:19 | Crear | Villager (Male) |
| 2:20 | Crear | Villager (Male) |
| 2:24 | Crear | Fishing Ship |
| 2:24 | Crear | Fishing Ship |
| 2:56 | Crear | Villager (Male) |
| 3:31 | Crear | Fishing Ship |
| 3:34 | Crear | Villager (Male) |
| 3:35 | Crear | Villager (Male) |
| 4:10 | Crear | Villager (Male) |
| 4:11 | Crear | Villager (Male) |
| 4:30 | Crear | Villager (Male) |
| 4:35 | Crear | Fishing Ship |
| 5:02 | Crear | Villager (Male) |
| 5:03 | Crear | Villager (Male) |
| 5:18 | Crear | Fishing Ship |
| 5:32 | Crear | Villager (Male) |
| 5:32 | Crear | Villager (Male) |
| 6:03 | Crear | Villager (Male) |
| 6:03 | Crear | Villager (Male) |
| 6:12 | Construir | Lumber Camp |
| 6:28 | Crear | Villager (Male) |
| 6:50 | Construir | House |
| 7:11 | Crear | Villager (Male) |
| 7:12 | Crear | Villager (Male) |
| 7:18 | Construir | House |
| 7:55 | Construir | Mill |
| 8:36 | Crear | Villager (Male) |
| 8:37 | Crear | Villager (Male) |
| 8:54 | Construir | Mill |
| 9:00 | Crear | Fishing Ship |
| 9:18 | Crear | Fishing Ship |
| 9:29 | Crear | Villager (Male) |
| 9:30 | Crear | Villager (Male) |
| 10:17 | Crear | Villager (Male) |
| 10:42 | Construir | House |
| 11:09 | Construir | Mill |
| 11:16 | Investigar | Feudal Age |
| 11:17 | Investigar | Feudal Age |
| 12:45 | Crear | Villager (Male) |
| 12:45 | Crear | Villager (Male) |
| 13:26 | Edad | Edad Feudal |
| 13:27 | Investigar | Wheelbarrow |
| 13:27 | Investigar | Wheelbarrow |
| 13:29 | Investigar | Double-Bit Axe |
| 13:31 | Investigar | Horse Collar |
| 13:37 | Construir | Fish Trap |
| 13:40 | Construir | Fish Trap |
| 13:42 | Construir | Fish Trap |
| 13:46 | Construir | Fish Trap |
| 13:48 | Construir | Fish Trap |
| 13:51 | Construir | Fish Trap |
| 13:55 | Investigar | Tech 906 |
| 14:06 | Crear | Fishing Ship |
| 14:17 | Crear | Villager (Male) ×5 |
| 14:54 | Construir | Stone Wall |
| 15:04 | Investigar | Town Watch |
| 15:15 | Construir | Farm |
| 15:28 | Construir | Fish Trap |
| 15:34 | Construir | Fish Trap |
| 15:39 | Construir | Farm |
| 15:45 | Crear | Fishing Ship |
| 15:45 | Crear | Fishing Ship |
| 16:12 | Construir | Mining Camp |
| 16:26 | Construir | House |
| 16:38 | Construir | Palisade Wall |
| 17:29 | Construir | Fish Trap |
| 17:41 | Construir | Farm |
| 17:45 | Construir | Farm |
| 17:46 | Construir | Farm |
| 17:53 | Crear | Villager (Male) ×5 |
| 17:58 | Investigar | Stone Mining |
| 18:01 | Investigar | Gold Mining |
| 18:28 | Construir | Stone Wall |
| 18:38 | Construir | Mining Camp |
| 19:06 | Construir | Market |
| 19:18 | Construir | House |
| 19:47 | Crear | Fishing Ship |
| 19:57 | Construir | House |
| 19:59 | Construir | House |
| 20:27 | Construir | Lumber Camp |
| 20:42 | Construir | Watch Tower |
| 21:17 | Construir | House |
| 21:18 | Construir | House |
| 21:19 | Construir | House |
| 21:21 | Construir | House |
| 21:30 | Crear | Trade Cart |
| 21:40 | Crear | Villager (Male) |
| 21:45 | Crear | Villager (Male) |
| 21:51 | Crear | Villager (Male) |
| 22:10 | Construir | Blacksmith |
| 22:33 | Crear | Trade Cart |
| 22:54 | Investigar | Castle Age |
| 22:55 | Investigar | Castle Age |
| 23:04 | Construir | Watch Tower |
| 23:09 | Investigar | Fletching |
| 23:16 | Crear | Villager (Male) ×5 |
| 23:26 | Crear | Trade Cart ×2 |
| 23:43 | Crear | Fishing Ship |
| 23:46 | Crear | Fishing Ship |
| 24:06 | Construir | Palisade Wall |
| 24:19 | Construir | Building 796 |
| 24:22 | Construir | House |
| 24:23 | Construir | House |
| 24:26 | Construir | House |
| 24:28 | Construir | House |
| 24:33 | Construir | Palisade Wall |
| 24:57 | Construir | Fish Trap |
| 25:22 | Construir | Barracks |
| 25:35 | Edad | Edad de los Castillos |
| 25:37 | Construir | Fish Trap |
| 25:45 | Investigar | Hand Cart |
| 25:46 | Investigar | Bow Saw |
| 25:48 | Investigar | Heavy Plow |
| 25:50 | Investigar | Gold Shaft Mining |
| 25:52 | Investigar | Stone Shaft Mining |
| 25:55 | Investigar | Caravan |
| 25:56 | Crear | Trade Cart |
| 26:00 | Investigar | Gillnets |
| 26:31 | Construir | Town Center |
| 26:47 | Construir | Stone Wall |
| 26:51 | Investigar | Bodkin Arrow |
| 26:53 | Investigar | Scale Mail Armor |
| 26:53 | Investigar | Forging |
| 26:55 | Investigar | Scale Barding Armor |
| 27:02 | Construir | Mining Camp |
| 28:04 | Construir | Watch Tower |
| 28:19 | Construir | Siege Workshop |
| 28:21 | Construir | Siege Workshop |
| 28:29 | Investigar | Town Patrol |
| 28:31 | Crear | Villager (Male) ×5 |
| 28:36 | Crear | Villager (Male) ×5 |
| 28:59 | Investigar | Iron Casting |
| 29:01 | Investigar | Chain Mail Armor |
| 29:31 | Crear | Mangonel |
| 29:32 | Crear | Scorpion |
| 29:35 | Crear | Mangonel |
| 29:35 | Crear | Scorpion |
| 29:41 | Crear | Trade Cart ×4 |
| 29:46 | Crear | Villager (Male) |
| 29:47 | Crear | Villager (Male) |
| 29:58 | Crear | Villager (Male) |
| 29:59 | Crear | Villager (Male) |
| 30:02 | Construir | Farm |
Build order — Xerxes is Gio
Primeras 150 de 377 acciones detectadas
| 0:04 | Construir | House |
| 0:06 | Construir | House |
| 0:07 | Crear | Villager (Male) |
| 0:07 | Crear | Villager (Male) |
| 0:07 | Crear | Villager (Male) |
| 0:07 | Crear | Villager (Male) |
| 0:08 | Crear | Villager (Male) |
| 1:01 | Construir | Palisade Wall |
| 2:21 | Construir | Palisade Wall |
| 2:21 | Construir | Palisade Wall |
| 2:33 | Crear | Villager (Male) |
| 2:34 | Crear | Villager (Male) |
| 2:34 | Crear | Villager (Male) |
| 2:34 | Crear | Villager (Male) |
| 2:44 | Crear | Villager (Male) |
| 2:44 | Crear | Villager (Male) |
| 3:14 | Construir | House |
| 4:12 | Crear | Villager (Male) |
| 4:12 | Crear | Villager (Male) |
| 4:13 | Crear | Villager (Male) |
| 4:13 | Crear | Villager (Male) |
| 4:52 | Crear | Villager (Male) |
| 4:52 | Crear | Villager (Male) |
| 5:24 | Construir | House |
| 5:46 | Construir | Palisade Wall |
| 6:18 | Crear | Villager (Male) |
| 6:18 | Crear | Villager (Male) |
| 6:18 | Crear | Villager (Male) |
| 6:18 | Crear | Villager (Male) |
| 6:27 | Construir | Lumber Camp |
| 7:41 | Crear | Villager (Male) |
| 7:41 | Crear | Villager (Male) |
| 7:41 | Crear | Villager (Male) |
| 7:57 | Investigar | Loom |
| 7:57 | Crear | Villager (Male) |
| 7:57 | Crear | Villager (Male) |
| 7:57 | Crear | Villager (Male) |
| 8:48 | Construir | Mill |
| 9:28 | Crear | Villager (Male) |
| 9:28 | Crear | Villager (Male) |
| 9:28 | Crear | Villager (Male) |
| 9:29 | Crear | Villager (Male) |
| 9:29 | Crear | Villager (Male) |
| 10:28 | Construir | Mining Camp |
| 10:46 | Construir | Mining Camp |
| 11:50 | Construir | House |
| 11:53 | Investigar | Feudal Age |
| 13:30 | Construir | Barracks |
| 14:03 | Edad | Edad Feudal |
| 14:33 | Investigar | Double-Bit Axe |
| 14:35 | Crear | Villager (Male) |
| 14:35 | Crear | Villager (Male) |
| 14:35 | Crear | Villager (Male) |
| 14:35 | Crear | Villager (Male) |
| 14:43 | Construir | House |
| 14:59 | Construir | Archery Range |
| 15:21 | Construir | Mill |
| 15:32 | Crear | Villager (Male) |
| 16:09 | Crear | Villager (Male) |
| 16:10 | Crear | Villager (Male) |
| 16:50 | Construir | Blacksmith |
| 16:54 | Crear | Villager (Male) |
| 16:54 | Crear | Villager (Male) |
| 17:12 | Crear | Villager (Male) |
| 17:13 | Crear | Villager (Male) |
| 17:22 | Crear | Villager (Male) |
| 18:51 | Construir | House |
| 18:52 | Construir | House |
| 18:53 | Construir | House |
| 19:03 | Investigar | Castle Age |
| 19:03 | Investigar | Wheelbarrow |
| 19:18 | Construir | Mining Camp |
| 19:40 | Investigar | Horse Collar |
| 19:47 | Crear | Archer |
| 19:47 | Crear | Archer |
| 19:48 | Crear | Archer |
| 19:48 | Crear | Archer |
| 19:48 | Crear | Archer |
| 19:48 | Crear | Archer |
| 19:50 | Crear | Archer |
| 19:50 | Crear | Archer |
| 20:09 | Investigar | Stone Mining |
| 20:20 | Crear | Villager (Male) |
| 20:20 | Crear | Villager (Male) |
| 20:21 | Crear | Villager (Male) |
| 20:23 | Crear | Villager (Male) |
| 20:46 | Investigar | Fletching |
| 21:09 | Construir | Farm |
| 21:09 | Construir | Farm |
| 21:10 | Construir | Farm |
| 21:10 | Construir | Farm |
| 21:10 | Construir | Farm |
| 21:10 | Construir | Farm |
| 21:20 | Construir | Farm |
| 21:42 | Edad | Edad de los Castillos |
| 22:27 | Construir | Siege Workshop |
| 22:41 | Construir | House |
| 22:42 | Construir | House |
| 23:23 | Construir | University |
| 23:25 | Crear | Villager (Male) |
| 23:25 | Crear | Villager (Male) |
| 23:25 | Crear | Villager (Male) |
| 23:43 | Construir | Castle |
| 24:07 | Construir | House |
| 24:09 | Construir | House |
| 24:16 | Construir | Farm |
| 24:16 | Construir | Farm |
| 24:16 | Construir | Farm |
| 24:16 | Construir | Farm |
| 24:19 | Crear | Villager (Male) |
| 24:19 | Crear | Villager (Male) |
| 24:25 | Investigar | Wheelbarrow |
| 24:26 | Crear | Villager (Male) |
| 24:26 | Crear | Villager (Male) |
| 24:41 | Investigar | Bow Saw |
| 24:55 | Investigar | Gold Mining |
| 25:50 | Investigar | Crossbowman (upgrade) |
| 26:46 | Construir | Palisade Wall |
| 27:18 | Crear | Archer |
| 27:18 | Crear | Archer |
| 27:19 | Crear | Archer |
| 27:20 | Crear | Archer |
| 27:20 | Crear | Archer |
| 27:20 | Crear | Archer |
| 28:03 | Construir | Archery Range |
| 28:18 | Crear | Battering Ram |
| 28:18 | Crear | Battering Ram |
| 28:18 | Crear | Battering Ram |
| 28:18 | Crear | Battering Ram |
| 28:21 | Crear | Villager (Male) |
| 28:21 | Crear | Villager (Male) |
| 28:22 | Crear | Villager (Male) |
| 28:22 | Crear | Villager (Male) |
| 28:43 | Construir | Town Center |
| 29:19 | Crear | Archer |
| 29:19 | Crear | Archer |
| 29:19 | Crear | Archer |
| 29:20 | Crear | Archer |
| 30:31 | Construir | Lumber Camp |
| 30:48 | Construir | Watch Tower |
| 31:11 | Investigar | Bodkin Arrow |
| 32:17 | Crear | Genoese Crossbowman |
| 32:17 | Crear | Genoese Crossbowman |
| 32:18 | Crear | Genoese Crossbowman |
| 32:19 | Crear | Genoese Crossbowman |
| 32:19 | Crear | Genoese Crossbowman |
| 32:23 | Crear | Genoese Crossbowman |
| 32:23 | Crear | Genoese Crossbowman |
| 32:24 | Crear | Genoese Crossbowman |
| 32:24 | Crear | Genoese Crossbowman |
Build order — m00n
Primeras 150 de 637 acciones detectadas
| 0:01 | Crear | Villager (Male) |
| 0:03 | Construir | House |
| 0:04 | Construir | House |
| 0:17 | Construir | Palisade Wall |
| 0:19 | Crear | Villager (Male) |
| 0:19 | Crear | Villager (Male) |
| 0:19 | Crear | Villager (Male) |
| 0:20 | Crear | Villager (Male) |
| 0:58 | Construir | Building 796 |
| 1:39 | Crear | Villager (Male) |
| 1:39 | Crear | Villager (Male) |
| 1:40 | Crear | Villager (Male) |
| 2:23 | Construir | House |
| 2:26 | Crear | Villager (Male) |
| 2:26 | Crear | Villager (Male) |
| 2:39 | Construir | House |
| 2:41 | Construir | House |
| 2:48 | Crear | Villager (Male) |
| 2:48 | Crear | Villager (Male) |
| 2:48 | Crear | Villager (Male) |
| 3:28 | Crear | Villager (Male) |
| 3:29 | Crear | Villager (Male) |
| 3:55 | Crear | Villager (Male) |
| 3:55 | Crear | Villager (Male) |
| 3:55 | Crear | Villager (Male) |
| 4:17 | Crear | Villager (Male) |
| 4:44 | Crear | Villager (Male) |
| 4:44 | Crear | Villager (Male) |
| 5:09 | Construir | Mill |
| 5:17 | Crear | Villager (Male) |
| 5:17 | Crear | Villager (Male) |
| 5:17 | Crear | Villager (Male) |
| 5:18 | Crear | Villager (Male) |
| 5:52 | Crear | Villager (Male) |
| 5:52 | Crear | Villager (Male) |
| 5:52 | Crear | Villager (Male) |
| 6:31 | Crear | Villager (Male) |
| 6:31 | Crear | Villager (Male) |
| 6:31 | Crear | Villager (Male) |
| 6:38 | Crear | Villager (Male) |
| 6:38 | Crear | Villager (Male) |
| 6:54 | Construir | Mill |
| 7:00 | Crear | Villager (Male) |
| 7:00 | Crear | Villager (Male) |
| 7:44 | Construir | Lumber Camp |
| 7:50 | Crear | Villager (Male) |
| 7:50 | Crear | Villager (Male) |
| 8:25 | Crear | Villager (Male) |
| 8:26 | Crear | Villager (Male) |
| 8:26 | Crear | Villager (Male) |
| 8:26 | Crear | Villager (Male) |
| 8:27 | Crear | Villager (Male) |
| 9:34 | Investigar | Feudal Age |
| 10:19 | Construir | House |
| 10:20 | Construir | House |
| 10:22 | Construir | House |
| 12:06 | Edad | Edad Feudal |
| 12:08 | Construir | Lumber Camp |
| 12:19 | Investigar | Wheelbarrow |
| 12:32 | Investigar | Double-Bit Axe |
| 12:33 | Investigar | Double-Bit Axe |
| 13:03 | Construir | Stone Wall |
| 13:07 | Construir | Building 665 |
| 13:14 | Construir | Building 490 |
| 13:22 | Crear | Villager (Male) |
| 13:23 | Crear | Villager (Male) |
| 13:23 | Crear | Villager (Male) |
| 13:23 | Crear | Villager (Male) |
| 13:23 | Crear | Villager (Male) |
| 13:24 | Crear | Villager (Male) |
| 13:24 | Crear | Villager (Male) |
| 13:25 | Crear | Villager (Male) |
| 13:25 | Crear | Villager (Male) |
| 13:25 | Crear | Villager (Male) |
| 13:25 | Crear | Villager (Male) |
| 13:26 | Crear | Villager (Male) |
| 13:26 | Crear | Villager (Male) |
| 13:26 | Crear | Villager (Male) |
| 13:26 | Crear | Villager (Male) |
| 13:43 | Investigar | Horse Collar |
| 13:43 | Investigar | Horse Collar |
| 14:12 | Construir | Farm |
| 14:12 | Construir | Farm |
| 14:13 | Construir | Farm |
| 14:13 | Construir | Farm |
| 14:13 | Construir | Farm |
| 14:13 | Construir | Farm |
| 14:13 | Construir | Farm |
| 14:14 | Construir | Farm |
| 14:14 | Construir | Farm |
| 14:14 | Construir | Farm |
| 14:14 | Construir | Farm |
| 14:38 | Crear | Villager (Male) |
| 14:38 | Crear | Villager (Male) |
| 14:38 | Crear | Villager (Male) |
| 14:38 | Crear | Villager (Male) |
| 14:56 | Construir | Mining Camp |
| 15:29 | Construir | Market |
| 15:49 | Construir | Blacksmith |
| 15:55 | Construir | Mining Camp |
| 16:52 | Crear | Villager (Male) |
| 16:52 | Crear | Villager (Male) |
| 16:52 | Crear | Villager (Male) |
| 17:49 | Construir | Barracks |
| 18:01 | Construir | Blacksmith |
| 18:51 | Construir | Farm |
| 18:52 | Construir | Farm |
| 18:52 | Construir | Farm |
| 18:53 | Construir | Farm |
| 18:53 | Construir | Farm |
| 18:53 | Construir | Farm |
| 18:54 | Construir | Farm |
| 18:54 | Construir | Farm |
| 18:54 | Construir | Farm |
| 18:55 | Construir | Farm |
| 18:55 | Construir | Farm |
| 20:15 | Investigar | Castle Age |
| 20:16 | Investigar | Castle Age |
| 21:31 | Construir | Mining Camp |
| 21:54 | Investigar | Gold Mining |
| 21:54 | Investigar | Stone Mining |
| 22:17 | Construir | House |
| 22:17 | Construir | House |
| 22:17 | Construir | House |
| 22:17 | Construir | House |
| 22:18 | Construir | House |
| 22:18 | Construir | House |
| 22:19 | Construir | House |
| 22:19 | Construir | House |
| 22:20 | Construir | House |
| 22:20 | Construir | House |
| 22:20 | Construir | House |
| 22:22 | Construir | House |
| 22:23 | Construir | House |
| 22:25 | Construir | House |
| 22:26 | Construir | House |
| 22:40 | Construir | House |
| 22:41 | Construir | House |
| 22:43 | Construir | House |
| 22:44 | Construir | House |
| 22:54 | Construir | House |
| 22:55 | Edad | Edad de los Castillos |
| 22:57 | Construir | House |
| 22:58 | Construir | House |
| 22:58 | Construir | House |
| 22:58 | Construir | House |
| 22:58 | Construir | House |
| 22:59 | Construir | House |
| 22:59 | Construir | House |
| 23:02 | Construir | House |
Build order — Troseitor
Primeras 150 de 662 acciones detectadas
| 0:07 | Investigar | Loom |
| 0:08 | Crear | Villager (Male) |
| 0:08 | Crear | Villager (Male) |
| 0:09 | Crear | Villager (Male) |
| 0:09 | Crear | Villager (Male) |
| 0:09 | Crear | Villager (Male) |
| 0:16 | Construir | House |
| 0:22 | Construir | Lumber Camp |
| 0:53 | Construir | House |
| 0:54 | Construir | House |
| 0:54 | Construir | House |
| 2:01 | Construir | Palisade Wall |
| 2:13 | Crear | Villager (Male) |
| 2:13 | Crear | Villager (Male) |
| 2:38 | Construir | Palisade Wall |
| 2:53 | Crear | Villager (Male) |
| 3:39 | Crear | Villager (Male) |
| 3:40 | Crear | Villager (Male) |
| 3:47 | Construir | Palisade Gate |
| 4:07 | Crear | Villager (Male) |
| 4:21 | Crear | Villager (Male) |
| 4:22 | Crear | Villager (Male) |
| 4:50 | Crear | Villager (Male) |
| 4:50 | Crear | Villager (Male) |
| 5:21 | Crear | Villager (Male) |
| 5:21 | Crear | Villager (Male) |
| 5:22 | Crear | Villager (Male) |
| 5:37 | Construir | Mining Camp |
| 5:59 | Crear | Villager (Male) |
| 6:21 | Crear | Villager (Male) |
| 6:21 | Crear | Villager (Male) |
| 7:08 | Crear | Villager (Male) |
| 7:08 | Crear | Villager (Male) |
| 7:09 | Crear | Villager (Male) |
| 7:40 | Construir | Dock |
| 8:02 | Crear | Villager (Male) |
| 8:02 | Crear | Villager (Male) |
| 8:02 | Crear | Villager (Male) |
| 8:02 | Crear | Villager (Male) |
| 8:42 | Construir | Dock |
| 9:07 | Construir | House |
| 9:07 | Construir | House |
| 9:08 | Construir | House |
| 9:09 | Construir | House |
| 9:26 | Crear | Villager (Male) |
| 9:27 | Crear | Villager (Male) |
| 9:41 | Crear | Fishing Ship |
| 10:16 | Construir | Mill |
| 10:28 | Crear | Villager (Male) |
| 11:17 | Crear | Villager (Male) |
| 11:22 | Crear | Fishing Ship |
| 11:23 | Crear | Fishing Ship |
| 11:23 | Crear | Fishing Ship |
| 11:23 | Crear | Fishing Ship |
| 11:25 | Crear | Fishing Ship |
| 11:44 | Crear | Villager (Male) |
| 11:58 | Crear | Fishing Ship |
| 12:22 | Investigar | Feudal Age |
| 13:15 | Crear | Fishing Ship |
| 13:16 | Crear | Fishing Ship |
| 13:16 | Crear | Fishing Ship |
| 13:16 | Crear | Fishing Ship |
| 13:16 | Crear | Fishing Ship |
| 13:17 | Crear | Fishing Ship |
| 13:38 | Construir | Mining Camp |
| 14:32 | Edad | Edad Feudal |
| 14:36 | Investigar | Wheelbarrow |
| 14:38 | Investigar | Double-Bit Axe |
| 14:41 | Investigar | Gold Mining |
| 14:42 | Investigar | Stone Mining |
| 14:52 | Investigar | Tech 906 |
| 14:52 | Investigar | Tech 906 |
| 15:02 | Crear | Villager (Male) |
| 15:02 | Crear | Villager (Male) |
| 15:02 | Crear | Villager (Male) |
| 15:03 | Crear | Villager (Male) |
| 15:03 | Crear | Villager (Male) |
| 15:03 | Crear | Villager (Male) |
| 15:36 | Construir | Fish Trap |
| 15:36 | Construir | Fish Trap |
| 15:52 | Construir | Fish Trap |
| 16:10 | Construir | Fish Trap |
| 16:21 | Construir | Stone Wall |
| 16:24 | Construir | Building 487 |
| 16:37 | Investigar | Horse Collar |
| 16:47 | Construir | Fish Trap |
| 17:15 | Construir | Fish Trap |
| 17:23 | Construir | Fish Trap |
| 17:32 | Construir | Fish Trap |
| 17:53 | Crear | Villager (Male) |
| 17:53 | Crear | Villager (Male) |
| 17:53 | Crear | Villager (Male) |
| 17:54 | Crear | Villager (Male) |
| 18:02 | Construir | Fish Trap |
| 18:09 | Crear | Fishing Ship |
| 18:09 | Crear | Fishing Ship |
| 18:34 | Construir | Lumber Camp |
| 18:46 | Construir | Lumber Camp |
| 19:11 | Construir | House |
| 19:12 | Construir | House |
| 19:13 | Construir | House |
| 19:14 | Construir | House |
| 19:15 | Construir | House |
| 19:45 | Crear | Fishing Ship |
| 19:46 | Crear | Fishing Ship |
| 19:46 | Crear | Fishing Ship |
| 19:46 | Crear | Fishing Ship |
| 19:46 | Crear | Fishing Ship |
| 20:03 | Construir | Blacksmith |
| 20:17 | Construir | Fish Trap |
| 20:24 | Construir | Fish Trap |
| 20:38 | Construir | Fish Trap |
| 20:52 | Construir | Fish Trap |
| 20:54 | Construir | Fish Trap |
| 20:57 | Construir | Fish Trap |
| 20:58 | Construir | Fish Trap |
| 21:12 | Crear | Fishing Ship |
| 21:53 | Construir | Barracks |
| 22:16 | Construir | Market |
| 22:30 | Construir | Stable |
| 22:44 | Crear | Villager (Male) |
| 22:51 | Construir | Fish Trap |
| 22:52 | Construir | Fish Trap |
| 22:53 | Construir | Fish Trap |
| 23:19 | Crear | Fishing Ship |
| 23:26 | Construir | Fish Trap |
| 23:27 | Construir | Fish Trap |
| 23:28 | Construir | Fish Trap |
| 23:34 | Investigar | Castle Age |
| 23:49 | Construir | Stable |
| 24:02 | Construir | Stable |
| 24:03 | Construir | Stable |
| 24:11 | Construir | Stable |
| 24:21 | Investigar | Scale Barding Armor |
| 24:36 | Construir | Stone Wall |
| 24:40 | Construir | Building 490 |
| 24:48 | Investigar | Bloodlines |
| 24:57 | Crear | Fishing Ship |
| 24:57 | Crear | Fishing Ship |
| 26:14 | Edad | Edad de los Castillos |
| 26:15 | Investigar | Husbandry |
| 26:16 | Crear | Knight |
| 26:17 | Crear | Knight |
| 26:17 | Crear | Knight |
| 26:17 | Crear | Knight |
| 26:17 | Crear | Knight |
| 26:18 | Crear | Knight |
| 26:18 | Crear | Knight |
| 26:18 | Crear | Knight |
| 26:19 | Crear | Knight |
Cronología de la partida
| 0:17 | m00n · wall_segment Palisade Wall x13 |
| 1:01 | Xerxes is Gio · wall_segment Palisade Wall x8 |
| 1:10 | Hyuga_Torres · wall_segment Palisade Wall x9 |
| 1:27 | Microbio_ubb · wall_segment Palisade Wall x8 |
| 1:32 | MatiNex · wall_segment Palisade Wall x5 |
| 1:33 | Eagle · first_building Dock |
| 2:01 | Troseitor · wall_segment Palisade Wall x11 |
| 2:21 | Xerxes is Gio · wall_segment Palisade Wall x5 |
| 2:21 | Xerxes is Gio · wall_segment Palisade Wall x1 |
| 2:38 | Troseitor · wall_segment Palisade Wall x6 |
| 3:17 | Microbio_ubb · wall_segment Palisade Wall x6 |
| 4:39 | Microbio_ubb · wall_segment Palisade Wall x7 |
| 5:36 | Microbio_ubb · wall_segment Palisade Wall x8 |
| 5:46 | Xerxes is Gio · wall_segment Palisade Wall x4 |
| 7:23 | Microbio_ubb · wall_segment Palisade Wall x8 |
| 7:40 | Troseitor · first_building Dock |
| 11:18 | Zanarkand · age_up feudal |
| 12:00 | Zanarkand · wall_segment Stone Wall x7 |
| 12:06 | m00n · age_up feudal |
| 12:08 | Microbio_ubb · age_up feudal |
| 12:32 | MatiNex · first_building Barracks |
| 12:36 | Microbio_ubb · wall_segment Stone Wall x10 |
| 13:03 | m00n · wall_segment Stone Wall x21 |
| 13:26 | Eagle · age_up feudal |
| 13:30 | Xerxes is Gio · first_building Barracks |
| 13:39 | Microbio_ubb · first_building Barracks |
| 13:47 | Microbio_ubb · wall_segment Stone Wall x9 |
| 13:52 | Zanarkand · wall_segment Stone Wall x2 |
| 13:55 | Zanarkand · wall_segment Stone Wall x5 |
| 14:03 | Xerxes is Gio · age_up feudal |
| 14:22 | MatiNex · age_up feudal |
| 14:32 | Troseitor · age_up feudal |
| 14:49 | MatiNex · first_building Archery Range |
| 14:49 | Hyuga_Torres · age_up feudal |
| 14:54 | Microbio_ubb · first_building Archery Range |
| 14:54 | Eagle · wall_segment Stone Wall x11 |
| 14:59 | Xerxes is Gio · first_building Archery Range |
| 15:00 | Microbio_ubb · wall_segment Stone Wall x1 |
| 15:07 | Microbio_ubb · wall_segment Stone Wall x7 |
| 16:09 | Hyuga_Torres · first_building Dock |
| 16:13 | MatiNex · first_building Stable |
| 16:16 | Zanarkand · age_up castle |
| 16:18 | Zanarkand · first_building Monastery |
| 16:21 | Troseitor · wall_segment Stone Wall x9 |
| 16:37 | Zanarkand · first_market_buy 100 wood |
| 16:38 | Eagle · wall_segment Palisade Wall x1 |
| 17:49 | m00n · first_building Barracks |
| 18:28 | Eagle · wall_segment Stone Wall x7 |
| 18:59 | Microbio_ubb · wall_segment Stone Wall x7 |
| 20:34 | Zanarkand · first_building Dock |
| 20:48 | Zanarkand · first_building Barracks |
| 21:41 | MatiNex · age_up castle |
| 21:42 | Xerxes is Gio · age_up castle |
| 21:53 | Troseitor · first_building Barracks |
| 22:27 | Xerxes is Gio · first_building Siege Workshop |
| 22:30 | Troseitor · first_building Stable |
| 22:55 | m00n · age_up castle |
| 23:20 | Zanarkand · first_building Archery Range |
| 23:43 | Xerxes is Gio · first_building Castle |
| 24:06 | Eagle · wall_segment Palisade Wall x1 |
| 24:12 | m00n · first_building Monastery |
| 24:32 | Microbio_ubb · first_market_buy 100 wood |
| 24:33 | Eagle · wall_segment Palisade Wall x10 |
| 24:35 | Microbio_ubb · age_up castle |
| 24:36 | Troseitor · wall_segment Stone Wall x11 |
| 24:39 | Microbio_ubb · first_market_sell 100 food |
| 24:45 | Zanarkand · first_building Castle |
| 25:01 | MatiNex · wall_segment Stone Wall x5 |
| 25:07 | MatiNex · wall_segment Stone Wall x2 |
| 25:22 | Eagle · first_building Barracks |
| 25:35 | Eagle · age_up castle |
| 26:14 | Troseitor · age_up castle |
| 26:18 | Hyuga_Torres · first_building Barracks |
| 26:28 | Troseitor · first_market_sell 100 food |
| 26:46 | Xerxes is Gio · wall_segment Palisade Wall x7 |
| 26:47 | Eagle · wall_segment Stone Wall x10 |
| 27:04 | Troseitor · first_building Siege Workshop |
| 27:32 | Hyuga_Torres · first_building Stable |
| 27:39 | Microbio_ubb · wall_segment Stone Wall x1 |
| 27:47 | Microbio_ubb · wall_segment Stone Wall x10 |
| 28:05 | Microbio_ubb · first_building Siege Workshop |
| 28:17 | Troseitor · first_market_buy 100 stone |
| 28:19 | Eagle · first_building Siege Workshop |
| 28:53 | MatiNex · first_building Castle |
| 30:40 | Hyuga_Torres · age_up castle |
| 31:19 | Hyuga_Torres · first_building Castle |
| 31:26 | Eagle · first_building Stable |
| 32:20 | Zanarkand · first_building Stable |
| 33:10 | Troseitor · wall_segment Stone Wall x1 |
| 33:28 | Xerxes is Gio · first_building Stable |
| 33:48 | m00n · first_building Castle |
| 34:15 | Zanarkand · age_up imperial |
| 34:58 | m00n · first_building Archery Range |
| 35:31 | m00n · age_up imperial |
| 36:42 | Hyuga_Torres · first_building Siege Workshop |
| 37:00 | Eagle · age_up imperial |
| 37:19 | Microbio_ubb · first_building Castle |
| 37:21 | m00n · wall_segment Stone Wall x10 |
| 37:34 | Eagle · first_building Castle |
| 38:03 | MatiNex · age_up imperial |
| 38:07 | m00n · first_building Stable |
| 39:48 | Zanarkand · first_market_sell 500 wood |
| 40:07 | Troseitor · first_building Monastery |
| 40:40 | m00n · first_building Siege Workshop |
| 40:41 | Microbio_ubb · first_building Monastery |
| 41:04 | Hyuga_Torres · age_up imperial |
| 41:33 | MatiNex · first_building Siege Workshop |
| 43:05 | MatiNex · first_building Monastery |
| 44:17 | Microbio_ubb · age_up imperial |
| 47:01 | Troseitor · age_up imperial |
| 47:23 | Troseitor · first_building Castle |
| 47:47 | Xerxes is Gio · age_up imperial |
| 49:15 | Troseitor · wall_segment Stone Wall x22 |
| 49:17 | m00n · wall_segment Stone Wall x3 |
| 50:04 | Xerxes is Gio · first_market_buy 100 wood |
| 52:50 | Microbio_ubb · wall_segment Stone Wall x9 |
| 53:46 | m00n · wall_segment Stone Wall x15 |
| 56:24 | Xerxes is Gio · tribute_sent a jugador 1 |
| 56:24 | Xerxes is Gio · tribute_sent a jugador 2 |
| 56:24 | Xerxes is Gio · tribute_sent a jugador 3 |
| 56:24 | Xerxes is Gio · tribute_sent a jugador 4 |
| 56:24 | Xerxes is Gio · tribute_sent a jugador 5 |
| 56:24 | Xerxes is Gio · tribute_sent a jugador 7 |
| 56:24 | Xerxes is Gio · tribute_sent a jugador 8 |
| 56:37 | MatiNex · tribute_sent a jugador 1 |
| 56:37 | MatiNex · tribute_sent a jugador 3 |
| 56:37 | MatiNex · tribute_sent a jugador 4 |
| 56:37 | MatiNex · tribute_sent a jugador 5 |
| 56:37 | MatiNex · tribute_sent a jugador 6 |
| 56:37 | MatiNex · tribute_sent a jugador 7 |
| 56:37 | MatiNex · tribute_sent a jugador 8 |
| 56:56 | Xerxes is Gio · tribute_sent a jugador 1 |
| 56:56 | Xerxes is Gio · tribute_sent a jugador 2 |
| 56:56 | Xerxes is Gio · tribute_sent a jugador 3 |
| 56:56 | Xerxes is Gio · tribute_sent a jugador 4 |
| 56:56 | Xerxes is Gio · tribute_sent a jugador 5 |
| 56:56 | Xerxes is Gio · tribute_sent a jugador 7 |
| 56:56 | Xerxes is Gio · tribute_sent a jugador 8 |
| 58:22 | Xerxes is Gio · first_market_sell 100 stone |
| 61:13 | Troseitor · resign |
| 62:23 | MatiNex · first_market_buy 100 stone |
| 62:24 | MatiNex · first_market_sell 500 food |
| 63:43 | Microbio_ubb · wall_segment Stone Wall x12 |
[ ANÁLISIS IA · 1 CRÉDITO ]
¿Qué pasó realmente en esta partida?
Wolo.gg analiza cada decisión: build order, eco, micro, errores típicos por bracket. Análisis personalizado por WhatsApp o Discord en 30 segundos.
Guía civ
Indostaníes
Guía mapa
Black Forest
Perfil
Zanarkand